 Dungeon Crawl Stone Soup version 0.29.0-4-gdea44cf6ec (webtiles) character file.

Game seed: 12836772208592564129

112 qw the Ruffian (level 4, -1/36 HPs)
             Began as a Ghoul Enchanter on Sept 4, 2022.
             Slain by a gnoll
             ... wielding a +0 spear
              (2 damage)
             ... on level 3 of the Dungeon.
             The game lasted 00:01:11 (2811 turns).

qw the Ruffian (Ghoul Enchanter)                    Turns: 2811, Time: 00:01:11

Health: -1/36      AC:  7    Str: 13    XL:     4   Next: 95%
Magic:  0/5        EV:  9    Int: 10    God:
Gold:   105        SH:  0    Dex:  9    Spells: 6/6 levels left

rFire   . . .      SeeInvis .     - Unarmed
rCold   + . .      Faith    .   (no shield)
rNeg    + + +      Spirit   +   g - +0 scale mail
rPois   inf        Reflect  .   (no helmet)
rElec   .          Harm     .   (no cloak)
rCorr   .          Rampage  .   (no gloves)
Will    .....                   f - +0 pair of boots
Stlth   +.........              e - amulet of guardian spirit
HPRegen 0.00/turn               (no ring)
MPRegen 0.09/turn               (no ring)

@: about to teleport, inhibited regen
A: claws 1, cold resistance 1, negative energy resistance 3, inhibited
regeneration, torment resistance 2, devour on kill
a: no special abilities


You were on level 3 of the Dungeon.
You visited 1 branch of the dungeon, and saw 3 of its levels.

You collected 105 gold pieces.


Innate Abilities, Weirdness & Mutations

You are immune to poison.
You have sharp fingernails.
Your flesh is cold resistant. (rC+)
You are immune to negative energy. (rN+++)
You do not regenerate when monsters are visible.
You are immune to unholy pain and torment.
You thrive by killing the living.


   Skills:
 - Level 2.0 Fighting
 - Level 0.8 Short Blades
 - Level 1.7 Dodging
 - Level 3.2 Stealth
 + Level 4.2 Unarmed Combat
 - Level 1.7 Spellcasting
 - Level 2.4 Hexes


You had 6 spell levels left.
You didn't know any spells.
Your spell library contained the following spells:

 Spells                   Type           Power      Damage    Failure   Level
 Ensorcelled Hibernation  Hex/Ice        6%         N/A       83%         2
 Confusing Touch          Hex            5%         N/A       87%         3
 Tukima's Dance           Hex            5%         N/A       87%         3
 Dazzling Flash           Conj/Hex       6%         N/A       96%         3

Inventory:

Armour
 f - a +0 pair of boots (worn)
 g - a +0 scale mail (worn)
Jewellery
 e - an amulet of guardian spirit (around neck)
Scrolls
 h - a scroll of teleportation
Potions
 c - a potion of mutation {unknown}
 i - a potion of curing
 j - a potion of might {unknown}
 k - a potion of cancellation {unknown}

Dungeon Overview and Level Annotations

Branches:
Dungeon (3/15)

Altars:


Message History

The gnoll closely misses you.
You closely miss the gnoll. You claw the gnoll, but do no damage.
The gnoll is almost dead.
The gnoll hits you with a +2 vampiric spear.
You scratch the gnoll.
You kill the gnoll!
Your Fighting skill increases to level 2!
You closely miss the adder. The adder bites you but does no damage.
You claw the adder!
The adder is severely wounded.
The adder completely misses you. The adder bites you but does no damage.
You closely miss the adder.
The adder is severely wounded.
The adder bites you but does no damage.
The gnoll hits you from afar with a +0 spear!
You claw the adder!
You kill the adder!
You feel better. The gnoll closely misses you. The gnoll closely misses you.
Items here: %%% ).
You barely miss the gnoll. The gnoll hits you but does no damage.
You barely miss the gnoll. The gnoll barely misses you.
You closely miss the gnoll. You closely miss the gnoll.
The gnoll hits you but does no damage.
You barely miss the gnoll. The gnoll hits you with a +0 spear.
You barely miss the gnoll. The gnoll hits you with a +0 spear.
2810 ||| READING 2 scrolls of teleportation.
As you read the scroll of teleportation, it crumbles to dust.
You feel strangely unstable. The gnoll hits you with a +0 spear!
You barely miss the gnoll. The gnoll hits you with a +0 spear.
You die...

#.....#.....#
#.....#.....#
#.<...#.....#
#...........#
##...........##
.........$....##
.[.......).....#
.......<.#.....#
.......%@# ##..#
.........g..# .
.............#
................
......>......#..
...........>....
................
...............


You could see a gnoll.

Vanquished Creatures
  3 adders
  3 gnolls
  2 worms (D:2)
  4 ball pythons
  6 bats
  5 endoplasms
  2 giant cockroaches
  4 goblins
  4 hobgoblins (D:2)
  7 jackals
  A kobold (D:1)
  3 quokkas
  2 frilled lizards (D:2)
  A rat (D:2)
47 creatures vanquished.

Notes
Turn   | Place    | Note
-------+----------+-------------------------------------------
     0 | D:1      | qw the Ghoul Enchanter began the quest for the Orb.
     0 | D:1      | Reached XP level 1. HP: 14/14 MP: 2/2
     0 | D:1      | 0 ||| qw: Version: 0.1-a-103-gd6f5d3a
     0 | D:1      | 0 ||| qw: Game counter: 5629
     0 | D:1      | 0 ||| qw: Always use a shield: true
     0 | D:1      | 0 ||| qw: God list: Okawaru
     0 | D:1      | 0 ||| qw: Allow faded altars: false
     0 | D:1      | 0 ||| qw: Do Orc after D:15 true
     0 | D:1      | 0 ||| qw: Do second Lair branch before Depths: true
     0 | D:1      | 0 ||| qw: Lair rune preference: random
     0 | D:1      | 0 ||| qw: Plans: Normal
     0 | D:1      | 0 ||| PLANNING D:1-11
     1 | D:1      | 1 ||| DROPPING +1 dagger.
   198 | D:1      | Reached skill level 1 in Unarmed Combat
   515 | D:1      | Reached XP level 2. HP: 22/22 MP: 3/3
   517 | D:1      | Reached skill level 1 in Fighting
  1352 | D:1      | 1352 ||| UPGRADING to +0 leather armour.
  1362 | D:1      | 1362 ||| DROPPING +0 robe.
  1363 | D:1      | 1363 ||| UPGRADING to +0 scale mail.
  1373 | D:1      | 1373 ||| DROPPING +0 leather armour.
  1374 | D:1      | 1374 ||| UPGRADING to amulet of guardian spirit.
  1379 | D:1      | 1379 ||| READING scroll labelled VIWIEVVAQYNG.
  1380 | D:1      | 1380 ||| READING 3 scrolls labelled SOCUMO CUGI.
  1385 | D:1      | 1385 ||| READING scroll labelled AVETOINITAU.
  1386 | D:1      | 1386 ||| READING scroll labelled ZOAGACR VOSKUR.
  1487 | D:1      | 1487 ||| DROPPING 2 potions of invisibility.
  1519 | D:2      | Reached skill level 2 in Unarmed Combat
  1641 | D:2      | Reached XP level 3. HP: 28/28 MP: 4/4
  1739 | D:2      | Reached skill level 3 in Unarmed Combat
  2021 | D:2      | 2021 ||| FLEEEEING.
  2022 | D:2      | 2022 ||| FLEEEEING.
  2023 | D:2      | 2023 ||| FLEEEEING.
  2024 | D:2      | 2024 ||| FLEEEEING.
  2025 | D:2      | 2025 ||| FLEEEEING.
  2026 | D:2      | 2026 ||| FLEEEEING.
  2027 | D:2      | 2027 ||| FLEEEEING.
  2028 | D:2      | 2028 ||| FLEEEEING.
  2029 | D:2      | 2029 ||| FLEEEEING.
  2030 | D:2      | 2030 ||| FLEEEEING.
  2031 | D:2      | 2031 ||| FLEEEEING.
  2051 | D:2      | Reached XP level 4. HP: 18/35 MP: 3/5
  2503 | D:2      | 2503 ||| Stepping ~*~*~tactically~*~*~ (stealth).
  2510 | D:2      | 2510 ||| Stepping ~*~*~tactically~*~*~ (stealth).
  2616 | D:2      | 2616 ||| UPGRADING to +0 pair of boots.
  2621 | D:2      | 2621 ||| READING 2 scrolls labelled DIFFAM YVESATH.
  2622 | D:2      | 2622 ||| READING scroll labelled ECLIBEPSAUWU.
  2623 | D:2      | 2623 ||| READING scroll labelled JAUJEU WOYSY.
  2624 | D:2      | 2624 ||| DRINKING 2 fizzy purple potions.
  2625 | D:2      | 2625 ||| DROPPING scroll of immolation.
  2657 | D:3      | 2657 ||| STAIRDANCE
  2686 | D:3      | 2686 ||| STAIRDANCE
  2692 | D:2      | Reached skill level 4 in Unarmed Combat
  2765 | D:3      | 2765 ||| STAIRDANCE
  2782 | D:3      | 2782 ||| Stepping ~*~*~tactically~*~*~ (hiding).
  2809 | D:3      | HP: 8/36 [gnoll/+0 spear (3)]
  2810 | D:3      | 2810 ||| READING 2 scrolls of teleportation.
  2810 | D:3      | HP: 1/36 [gnoll/+0 spear (7)]
  2811 | D:3      | Slain by a gnoll

Levels and vault maps discovered:
D:1:      saegor_arrival_simple_b, layout_basic, minmay_hedge_maze
D:2:      layout_basic, minmay_cupped
D:3:      layout_rooms, st_stairs_2, grunt_decor_resistance

Skill      XL: |  1  2  3  4 |
---------------+-------------+-----
Unarmed Combat | 1 2 3 4 |  4.2
Fighting       | 1 2 |  2.0
Short Blades   | |  0.8
Dodging        | |  1.7
Stealth        | |  3.2
Spellcasting   | |  1.7
Hexes          | |  2.4

Action                   |  1- 3 |  4- 6 || total
-------------------------+-------+-------++-------
Melee: Unarmed           |   153 |    73 ||   226
       Punch             |     2 |     2 ||     4
  Use: Scroll            |     4 |     4 ||     8
       Potion            |       |     1 ||     1
 Stab: Sleeping          |     1 |       ||     1
Armor: Robe              |     7 |       ||     7
       Scale mail        |    54 |    27 ||    81
Dodge: Dodged            |    75 |    28 ||   103

Table legend:
 A = Non-vault XP
 B = Vault XP
 C = Vault XP percentage of total XP
 D = Non-vault monster count
 E = Vault monster count
 F = Vault count percentage of total count
                 A         B        C        D         E       F
            +---------+---------+-------+---------+---------+-------
      Total |     158 |       3 |   1.9 |      45 |       2 |   4.3
            +---------+---------+-------+---------+---------+-------
        D:1 |      23 |       0 |   0.0 |      12 |       0 |   0.0
        D:2 |      91 |       3 |   3.2 |      28 |       2 |   6.7
        D:3 |      44 |       0 |   0.0 |       5 |       0 |   0.0
            +---------+---------+-------+---------+---------+-------
